 Dungeon Crawl Stone Soup version 0.19.0-11-g3fc08b3 (webtiles) character file.

623 theElss the Conjurer (level 7, -2/41 HPs)
             Began as a High Elf Conjurer on Nov 7, 2016.
             Killed by divine providence
             ... invoked by an orc priest
              (12 damage)
             ... on level 4 of the Dungeon on Nov 8, 2016.
             The game lasted 00:20:20 (4883 turns).

theElss the Conjurer (High Elf Conjurer)            Turns: 4883, Time: 00:20:22

Health: -2/41      AC:  2    Str:  7    XL:     7   Next: 22%
Magic:  17/17      EV: 13    Int: 21    God:
Gold:   204        SH:  0    Dex: 16    Spells: 4 memorised, 7 levels left

rFire  . . .     SeeInvis .     e - +3 dagger
rCold  . . .     Gourm    .     a - +0 robe
rNeg   . . .     Faith    .     (no shield)
rPois  +         Spirit   .     (no helmet)
rElec  .         Reflect  .     (no cloak)
rCorr  .         Harm     .     (no gloves)
MR     .....                    (no boots)
Stlth  ++........               (no amulet)
                                (no ring)
                                s - ring of poison resistance

@: very slightly contaminated
A: no striking features
a: no special abilities


You were on level 4 of the Dungeon.
You were not hungry.

You visited 1 branch of the dungeon, and saw 4 of its levels.
You also visited: Sewer.

You collected 204 gold pieces.

Inventory:

Hand Weapons
 e - a +3 dagger (weapon)
Armour
 a - a +0 robe (worn)
Jewellery
 s - a ring of poison resistance (left hand)
 C - an uncursed ring of flight {unknown}
Scrolls
 d - 2 scrolls of random uselessness {unknown}
 g - 3 scrolls of remove curse
 j - a scroll of fear {unknown}
 l - a scroll of fog {unknown}
 n - 2 scrolls of blinking {unknown}
 q - 3 scrolls of teleportation
 u - a scroll of enchant weapon {unknown}
 w - 3 scrolls of magic mapping
 y - a scroll of noise {unknown}
 z - a scroll of immolation {unknown}
Potions
 f - 3 potions of curing
 h - a potion of degeneration {unknown}
 k - a potion of cure mutation {unknown}
 p - a potion of flight
 t - 2 potions of agility {unknown}
 v - a potion of ambrosia {unknown}
 x - a potion of heal wounds {unknown}
 A - 3 potions of cancellation {unknown}
 D - a potion of brilliance {unknown}
Books
 b - a book of Conjurations

   Spells                             Type                      Level
   a - Magic Dart                     Conjuration                  1
   b - Searing Ray                    Conjuration                  2
   c - Dazzling Spray                 Conjuration/Hexes            3
   d - Fulminant Prism                Conjuration/Hexes            4
   e - Iskenderun's Mystic Blast      Conjuration                  4
   f - Iskenderun's Battlesphere      Conjuration/Charms           5
 B - a book of Callings

   Spells                             Type                      Level
   a - Summon Small Mammal            Summoning                    1
   b - Call Imp                       Summoning                    2
   c - Call Canine Familiar           Summoning                    3
   d - Summon Guardian Golem          Hexes/Summoning              3
   e - Summon Lightning Spire         Summoning/Air                4
   f - Summon Ice Beast               Ice/Summoning                4
Comestibles
 c - 2 bread rations
 i - 2 beef jerkies
 o - 4 meat rations
 r - 5 fruits


   Skills:
 - Level 2.1 Dodging
 - Level 2.1 Stealth
 + Level 6.5 Spellcasting
 + Level 7.5 Conjurations


You had 7 spell levels left.
You knew the following spells:

 Your Spells              Type           Power        Failure   Level  Hunger
a - Magic Dart            Conj           ####         1%          1    None
b - Iskenderun's Battles  Conj/Chrm      ###.....     67%         5    #####..
c - Searing Ray           Conj           #####.       1%          2    None
d - Iskenderun's Mystic   Conj           #####...     4%          4    ###....


Dungeon Overview and Level Annotations

Branches:
Dungeon (4/15)
 Temple: D:4-7

Altars:
Qazlal
Sif Muna
Trog


Message History

The orc wizard barely misses you. The orc wizard casts a spell at you.
The magic dart hits you!
Unknown command.
Unknown command.
The orc wizard mumbles some strange words.
The orc wizard misses you. The orc wizard hits you with a dagger.
The orc wizard is no longer moving quickly.
The orc wizard barely misses you.
The orc wizard points at you and mumbles some strange words.
The magic dart hits you!
There is a stone staircase leading down here.
You feel yourself speed up. The orc wizard casts a spell at you.
The magic dart hits you!
* * * LOW HITPOINT WARNING * * *
The orc priest mumbles some strange prayers to Beogh against you.
Beogh smites you!
You die...

##.o...##..########..
#..#...##....##.....#
#.#######.##........#
##.######.....######.[
#..##oo....#### ##)
##.###.##.### #.)
#.o.o.o#oo# #.)
#...####.## ###..
###..##.@oo# #....
#......)#### #....
#.......# ###..."
#.......###########..)...
#........................
#..)....########.........
########.........#..#....
#....####....#.... #....#
#.........


You could see an orc priest, an orc wizard and an orc.

Vanquished Creatures
  Blork the orc (D:4)
  A big kobold (Sewer)
  A howler monkey (D:4)
  4 orc wizards (D:3)
  2 orc priests
  A hound (D:4)
  Ijyb (D:3)
  3 gnolls (D:4)
  7 adders
  2 river rats (Sewer)
  2 oozes
  3 worms
  10 orcs
  11 giant cockroaches
  14 goblins
  5 hobgoblins
  7 jackals
  5 bats
  5 frilled lizards
  9 kobolds
  6 rats
100 creatures vanquished.

Notes
Turn   | Place    | Note
-------+----------+-------------------------------------------
     0 | D:1      | theElss the High Elf Conjurer began the quest for the Orb.
     0 | D:1      | Reached XP level 1. HP: 11/11 MP: 4/4
   282 | D:1      | Reached XP level 2. HP: 17/17 MP: 4/6
   509 | D:1      | Learned a level 2 spell: Searing Ray
   553 | D:1      | Reached skill level 5 in Conjurations
  1028 | D:2      | Reached XP level 3. HP: 21/21 MP: 4/8
  1492 | D:2      | Reached XP level 4. HP: 27/27 MP: 5/10
  2149 | D:3      | Reached skill level 6 in Conjurations
  2149 | D:3      | Reached XP level 5. HP: 21/31 MP: 5/12
  2670 | D:3      | Noticed Ijyb
  2675 | D:3      | Killed Ijyb
  2771 | D:3      | Found a bloodstained altar of Trog.
  2858 | D:3      | Noticed an air elemental
  2877 | D:3      | Noticed a water elemental
  2879 | D:3      | Found a stormy altar of Qazlal.
  2887 | D:3      | Noticed a fire elemental
  3066 | D:3      | Found a deep blue altar of Sif Muna.
  3083 | D:3      | Reached skill level 5 in Spellcasting
  3083 | D:3      | Reached XP level 6. HP: 36/36 MP: 9/14
  3144 | D:3      | Learned a level 4 spell: Iskenderun's Mystic Blast
  3370 | D:3      | Upgraded the game from 0.19.0-9-gfd783f2 to 0.19.0-11-g3fc08b3
  3512 | D:3      | Learned a level 5 spell: Iskenderun's Battlesphere
  3525 | D:4      | Noticed Blork the orc
  3907 | D:4      | Reached skill level 7 in Conjurations
  3932 | D:4      | Found a glowing drain.
  3936 | Sewer    | Entered a sewer
  4259 | Sewer    | Found a glowing silver altar of Zin.
  4346 | D:4      | Reached XP level 7. HP: 41/41 MP: 12/17
  4620 | D:4      | Killed Blork the orc
  4883 | D:4      | Killed from afar by an orc priest

Skill      XL: |  1  2  3  4  5  6 |
---------------+-------------------+-----
Conjurations   | 5 6 7 |  7.5
Spellcasting   | 3 4 5 6 |  6.5
Dodging        | |  2.1
Stealth        | |  2.1

Action                   |  1- 3 |  4- 6 |  7- 9 || total
-------------------------+-------+-------+-------++-------
Melee: Dagger            |       |     7 |       ||     7
 Cast: Magic Dart        |    60 |   110 |    18 ||   188
       Searing Ray       |     4 |    11 |     2 ||    17
       Iskenderun's Myst |       |     2 |     3 ||     5
  Use: Scroll            |       |     5 |       ||     5
       Potion            |       |     1 |       ||     1
  Eat: Chunk             |     2 |     8 |     1 ||    11
       Pizza             |       |       |     1 ||     1
Armor: Robe              |     3 |     8 |     3 ||    14
Dodge: Dodged            |     8 |    18 |    18 ||    44
